 Dungeon Crawl Stone Soup version 0.27-a0-1391-g48c30b3128 (webtiles) character file.

Game seed: 10808936411437878360

301 Froggeryz the Cutter (level 6, -3/42 HPs)
             Began as an Octopode Berserker on July 1, 2021.
             Was a Priest of Trog.
             Slain by a goblin (5 damage)
             ... led by Robin
             ... on level 4 of the Dungeon.
             The game lasted 00:02:23 (3286 turns).

Froggeryz the Cutter (Octopode Berserker)           Turns: 3286, Time: 00:02:23

Health: -3/42      AC:  1    Str: 16    XL:     6   Next: 37%
Magic:  6/6        EV: 10    Int: 10    God:    Trog [***...]
Gold:   145        SH:  0    Dex: 13    Spells: 5/5 levels left

rFire    . . .     SeeInvis .   a - +0 short sword
rCold    . . .     Faith    .   (no shield)
rNeg     . . .     Spirit   .   (helmet restricted)
rPois    .         Reflect  .   (no amulet)
rElec    .         Harm     .   (no ring)
rCorr    .         Rampage  .   (no ring)
Will     .....                  (no ring)
Stlth    ++++......             (no ring)
HPRegen  0.14/turn              (no ring)
MPRegen  0.10/turn              (no ring)
                                (no ring)
                                (no ring)

@: on berserk cooldown, slowed, constricted, very slow
A: almost no armour, amphibious, 8 rings, camouflage 1, gelatinous body 1,
(nimble swimmer 1), tentacles
a: Renounce Religion, Berserk, Trog's Hand


You were on level 4 of the Dungeon.
You worshipped Trog.
Trog was most pleased with you.
You visited 1 branch of the dungeon, and saw 4 of its levels.

You collected 145 gold pieces.

Inventory:

Hand Weapons
 a - a +0 short sword (weapon)
Missiles
 i - 12 boomerangs (quivered)
Jewellery
 k - a +6 ring of intelligence
Scrolls
 b - a scroll of fog {unknown}
 c - a scroll of holy word {unknown}
 d - a scroll of identify {unknown}
 f - a scroll of vulnerability {unknown}
 l - a scroll of amnesia {unknown}
Potions
 e - a potion of haste {unknown}
 g - a potion of might {unknown}
 h - 2 potions of curing {unknown}
 j - a potion of brilliance {unknown}


   Skills:
 - Level 3.0 Fighting
 * Level 5.9 Short Blades
 - Level 3.0 Dodging
 + Level 4.8 Stealth


You had 5 spell levels left.
You didn't know any spells.
Your spell library was empty.

Dungeon Overview and Level Annotations

Branches:
Dungeon (4/15)
 Temple: D:4-7

Altars:
Zin

Annotations:
D:4 Robin


Innate Abilities, Weirdness & Mutations

You cannot wear most types of armour.
You are amphibious.
You can wear up to eight rings at the same time.
Your skin changes colour to match your surroundings (Stealth+).
Your rubbery body absorbs attacks. (AC +1, EV +1)
((You are camouflaged near water. (Stealth+)))
You have tentacles for arms and can constrict up to eight enemies at once.


Message History

You kill the goblin!
Trog accepts your kill. The goblin hits you with a +0 club.
Robin flexes a bicep menacingly.
Robin hits you from afar with a +0 spear.
The hobgoblin barely misses you.
Items here: ! )))) ††.
You completely miss the hobgoblin. Your grab misses the hobgoblin.
The goblin barely misses you.
You miss the goblin. Your grab misses the goblin. The hobgoblin hits you.
You puncture the hobgoblin!
You kill the hobgoblin!
Trog accepts your kill. The goblin hits you with a +0 club.
You barely miss the goblin. Your grab misses the goblin.
You closely miss the goblin. You grab the goblin. You squeeze the goblin.
You kill the goblin!
Trog accepts your kill. The kobold barely misses you.
You barely miss the kobold. You grab the kobold.
You constrict the kobold, but do no damage.
You closely miss the ball python. Your grab misses the ball python.
You constrict the kobold, but do no damage.
The ball python bites you. The ball python misses you.
The kobold hits you with a +0 dagger. Robin misses you.
You hit the kobold.
You kill the kobold!
Trog accepts your kill.
You closely miss the goblin. Your grab misses the goblin.
You are no longer berserk.
You are exhausted.
You feel yourself slow down. The ball python bites you.
* * * LOW HITPOINT WARNING * * *
The ball python grabs you.
* * * LOW HITPOINT WARNING * * *
The ball python constricts you.
Robin hits you from afar with a +0 spear!
* * * LOW HITPOINT WARNING * * *
The goblin hits you with a +0 dagger.
You die...

#$ #.. ## #.. .#
#.# .# #.# .# #.#
g#####.
###.###.###S......
........).@gg.....
##.###<##########
#.# ..# ####


You could see Robin, a hobgoblin (strong), a goblin (strong) and a ball python.

Vanquished Creatures
  A scorpion (D:3)
  An orc priest (D:3)
  A jelly (D:3)
  Jessica (D:2)
  Terence (D:2)
  5 adders
  3 worms (D:2)
  8 orcs
  2 endoplasms (D:2)
  10 goblins
  8 hobgoblins
  5 jackals
  3 quokkas (D:1)
  4 ball pythons
  2 bats
  6 frilled lizards
  8 kobolds
  3 rats
72 creatures vanquished.

Notes
Turn   | Place    | Note
-------+----------+-------------------------------------------
     0 | D:1      | Froggeryz the Octopode Berserker began the quest for the
                  | Orb.
     0 | D:1      | Reached XP level 1. HP: 16/16 MP: 1/1
    84 | D:1      | Reached skill level 1 in Stealth
    88 | D:1      | Reached XP level 2. HP: 3/21 MP: 2/2
   950 | D:1      | Reached XP level 3. HP: 26/26 MP: 3/3
  1430 | D:2      | Reached ** piety under Trog
  1457 | D:2      | Noticed Jessica
  1466 | D:2      | Killed Jessica
  1467 | D:2      | Reached skill level 4 in Short Blades
  1594 | D:2      | Reached XP level 4. HP: 31/31 MP: 4/4
  1736 | D:2      | Noticed Terence
  1746 | D:2      | Killed Terence
  1750 | D:2      | Found a faded altar of an unknown god.
  2467 | D:3      | Reached XP level 5. HP: 36/36 MP: 5/5
  2514 | D:3      | Reached skill level 5 in Short Blades
  2744 | D:3      | Found a glowing silver altar of Zin.
  2928 | D:3      | Reached XP level 6. HP: 40/42 MP: 6/6
  3186 | D:3      | Reached *** piety under Trog
  3263 | D:4      | Noticed Robin
  3286 | D:4      | HP: 2/42 [Robin (8)]
  3286 | D:4      | Slain by a goblin

Illustrated notes

Levels and vault maps discovered:
D:1:      arrival_zaba_pyramid, layout_basic, minmay_misc_feat_roman
D:2:      layout_basic, basic_ecumenical_altar, kennysheep_big_empty_room,
          uniq_jessica, uniq_terence
D:3:      layout_loops_cross, marbit_many_paths,
          amcnicky_mini_rare_corridor_liquid
D:4:      layout_loops_ring, enter_ossuary_5, uniq_robin, uniq_eustachio,
          uniq_grinder

Skill      XL: |  1  2  3  4  5 |
---------------+----------------+-----
Stealth        | 1 2 3 4 |  4.8
Short Blades   | 4 5 |  5.9
Fighting       | |  3.0
Dodging        | |  3.0

Action                   |  1- 3 |  4- 6 || total
-------------------------+-------+-------++-------
Melee: Short sword       |    53 |    99 ||   152
       Constrict         |    14 |    21 ||    35
       Tentacles         |    10 |    16 ||    26
Invok: Berserk           |     1 |     3 ||     4
 Stab: Sleeping          |     7 |     5 ||    12
Armor: Skin              |     3 |     1 ||     4
Dodge: Dodged            |    28 |    44 ||    72

Table legend: (Time is in decaauts)
 A = Elapsed time spent in this place.
 B = Non-inter-level travel time spent in this place.
 C = Inter-level travel time spent in this place.
 D = Time resting spent in this place.
 E = Time spent auto-exploring this place.
 F = Levels seen in this place.
 G = Mean time per level.
                   A        B        C        D        E       F      G
               +--------+--------+--------+--------+--------+-----+--------+
         Total |   3281 |   3196 |     85 |    343 |   2486 |   4 |  820.2 |
       Dungeon |   3281 |   3196 |     85 |    343 |   2486 |   4 |  820.2 |
               +--------+--------+--------+--------+--------+-----+--------+

Top non-repeatable levels by time:
     D:1: 1344 daAuts
     D:2: 1023 daAuts
     D:3: 899 daAuts
     D:4: 14 daAuts
